 Dungeon Crawl Stone Soup version 0.27.1 (webtiles) character file.

Game seed: 16401459605325163071

18 Atelerd the Digger (level 2, -4/17 HPs)
             Began as an Octopode Earth Elementalist on Sept 1, 2021.
             Shot with a sling bullet by a goblin (9 damage)
             ... on level 2 of the Dungeon.
             The game lasted 00:01:09 (773 turns).

Atelerd the Digger (Octopode Earth Elementalist)     Turns: 773, Time: 00:01:10

Health: -4/17      AC:  1    Str:  7    XL:     2   Next: 70%
Magic:  4/5        EV: 13    Int: 17    God:
Gold:   30         SH:  0    Dex: 12    Spells: 4/5 levels left

rFire    . . .     SeeInvis .   f - +0 dagger
rCold    . . .     Faith    .   (no shield)
rNeg     . . .     Spirit   .   (helmet restricted)
rPois    .         Reflect  .   i - amulet of magic regeneration
rElec    .         Harm     .   (no ring)
rCorr    .         Rampage  .   (no ring)
Will     .....                  (no ring)
Stlth    +++.......             (no ring)
HPRegen  0.05/turn              (no ring)
MPRegen  0.34/turn              (no ring)
                                (no ring)
                                (no ring)

@: no status effects
A: almost no armour, amphibious, 8 rings, camouflage 1, gelatinous body 1,
(nimble swimmer 1), tentacles
a: no special abilities


You were on level 2 of the Dungeon.
You visited 1 branch of the dungeon, and saw 2 of its levels.

You collected 30 gold pieces.

Inventory:

Hand Weapons
 f - a +0 dagger (weapon)
Missiles
 b - 28 stones
Jewellery
 i - an amulet of magic regeneration (around mantle)
Scrolls
 a - a scroll of holy word {unknown}
 d - a scroll of enchant armour {unknown}
 e - a scroll of immolation {unknown}
 h - a scroll of magic mapping {unknown}
 j - a scroll of identify {unknown}
Potions
 c - 2 potions of brilliance {unknown}
 g - a potion of attraction {unknown}


   Skills:
 + Level 2.2 Dodging
 - Level 2.6 Stealth
 + Level 2.2 Spellcasting
 + Level 1.4 Transmutations
 * Level 3.3 Earth Magic


You had 4 spell levels left.
You knew the following spells:

 Your Spells              Type           Power      Damage    Failure   Level
a - Sandblast             Erth           26%        2d8       4%          1

Your spell library contained the following spells:

 Spells                   Type           Power      Damage    Failure   Level
 Passwall                 Tmut/Erth      8%         N/A       11%         2
 Stone Arrow              Conj/Erth      14%        3d7       28%         3
 Petrify                  Tmut/Erth      10%        N/A       56%         4


Dungeon Overview and Level Annotations

Branches:
Dungeon (2/15)

Altars:


Innate Abilities, Weirdness & Mutations

You cannot wear most types of armour.
You are amphibious.
You can wear up to eight rings at the same time.
Your skin changes colour to match your surroundings (Stealth+).
Your rubbery body absorbs attacks. (AC +1, EV +1)
((You are camouflaged near water. (Stealth+)))
You have tentacles for arms and can constrict up to eight enemies at once.


Message History

You constrict the rat.
You kill the rat!
You now have 30 gold pieces (gained 14).
j - a scroll labelled NEEPTU TAGHE No target in view!
A giant cockroach is nearby!
A giant cockroach is nearby!
A giant cockroach is nearby! 2 goblins come into view.
The goblin shouts! x2
There are monsters nearby!
You barely miss the giant cockroach. You grab the giant cockroach.
You constrict the giant cockroach. The giant cockroach bites you.
There are monsters nearby!
You hit the giant cockroach but do no damage.
The giant cockroach is moderately wounded.
You constrict the giant cockroach. The giant cockroach barely misses you.
You hit the giant cockroach but do no damage.
The giant cockroach is severely wounded.
You constrict the giant cockroach.
You kill the giant cockroach!
There are monsters nearby!
The goblin unwields a +0 dagger.
The goblin wields a +0 hunting sling.
The goblin shoots a sling bullet.
The sling bullet hits you! The goblin hits you with a +0 dagger.
* * * LOW HITPOINT WARNING * * *
You see here a giant cockroach corpse.
You are too injured to fight recklessly!
You are too injured to fight recklessly!
Unknown command.
Casting: Sandblast (safe; 4% risk of failure)
Confirm with . or Enter, or press ? or * to list all spells.
Aiming: Sandblast (safe; 4% risk of failure)
Press: ? - help, Shift-Dir - straight line, f - goblin
Aim: a goblin, wielding a +0 dagger (74% to hit)
The blast of sand hits the goblin!
You kill the goblin!
The goblin shoots a sling bullet.
The sling bullet hits you!
Ouch! That really hurt!
You die...

..... #....# #....#
.. ..... ... .... #.#
#g. #.# #.###.#
#)@.#.## ##### .
##.....# ....#..
#.....###....<.#
####....#......#
######........?..#
####..........†(.....
..............!......
#.##................#
#...................#


You could see a goblin.

Vanquished Creatures
  2 dart slugs (D:1)
  2 bats (D:1)
  2 giant cockroaches (D:2)
  2 goblins
  A kobold (D:1)
  2 ball pythons (D:1)
  A frilled lizard (D:1)
  5 rats
17 creatures vanquished.

Notes
Turn   | Place    | Note
-------+----------+-------------------------------------------
     0 | D:1      | Atelerd the Octopode Earth Elementalist began the quest for
                  | the Orb.
     0 | D:1      | Reached XP level 1. HP: 11/11 MP: 3/3
   468 | D:1      | Reached XP level 2. HP: 17/17 MP: 5/5
   478 | D:1      | Found a faded altar of an unknown god.
   773 | D:2      | Shot with a sling bullet by a goblin

Illustrated notes

Levels and vault maps discovered:
D:1:      wander_arrival_peaceful_grave, layout_basic,
          ebering_ecumenical_altar_petrified
D:2:      layout_rooms, serial_shops, shop

Action                   || total
-------------------------++-------
Melee: Unarmed           ||    17
       Constrict         ||     8
       Tentacles         ||     4
       Dagger            ||    10
 Cast: Sandblast         ||     4
 Stab: Sleeping          ||     5
Armor: Skin              ||     2
Dodge: Dodged            ||    12
